 Dungeon Crawl Stone Soup version 0.29.1-1-gd02db6906a (webtiles) character file.

Game seed: 2285457695992614413

49 LabCoat the Trooper (level 3, 0/33 HPs)
             Began as a Hill Orc Fighter on Sept 23, 2022.
             Slain by a goblin
             ... wielding a +0 dagger
             ... led by Robin
              (1 damage)
             ... on level 2 of the Dungeon.
             The game lasted 00:02:17 (1287 turns).

LabCoat the Trooper (Hill Orc Fighter)              Turns: 1287, Time: 00:02:19

Health: 0/33       AC:  6    Str: 20    XL:     3   Next: 75%
Magic:  3/3        EV:  9    Int:  8    God:
Gold:   85         SH:  5    Dex: 10    Spells: 2/2 levels left

rFire   . . .      SeeInvis .   a - +1 war axe (venom)
rCold   . . .      Faith    .   c - +1 buckler
rNeg    . . .      Spirit   .   b - +0 scale mail
rPois   .          Reflect  .   (no helmet)
rElec   .          Harm     .   (no cloak)
rCorr   .          Rampage  .   (no gloves)
Will    .....                   (no boots)
Stlth   ..........              (no amulet)
HPRegen 0.11/turn               (no ring)
MPRegen 0.08/turn               (no ring)

@: lethally poisoned (0 -> -16)
A: no striking features
a: no special abilities


You were on level 2 of the Dungeon.
You visited 1 branch of the dungeon, and saw 2 of its levels.

You collected 85 gold pieces.

Inventory:

Hand Weapons
 a - a +1 war axe of venom (weapon)
Armour
 b - a +0 scale mail (worn)
 c - a +1 buckler (worn)
Jewellery
 h - a ring of fire
Potions
 d - a potion of might
 e - a potion of haste
 f - a potion of heal wounds {unknown}
 g - a potion of degeneration {unknown}
 i - a potion of cancellation {unknown}
 j - a potion of invisibility {unknown}


   Skills:
 + Level 3.9 Fighting
 * Level 3.6 Axes
 + Level 0.9 Throwing
 + Level 3.5 Armour
 + Level 3.5 Shields
 + Level 1.1 Evocations


You had 2 spell levels left.
You didn't know any spells.
Your spell library was empty.

Dungeon Overview and Level Annotations

Branches:
Dungeon (2/15)

Altars:


Message History

You kill the goblin!
The goblin hits you but does no damage.
A goblin comes into view. It is wielding a +0 dagger.
You hit Robin.
Robin is heavily wounded.
You barely miss the goblin. The goblin barely misses you.
Robin hits you but does no damage.
You hit Robin.
Robin is poisoned.
Robin is severely wounded.
You barely miss the goblin. You block Robin's attack.
The goblin barely misses you.
You closely miss Robin.
Robin is almost dead.
You hit the goblin.
You kill the goblin!
Robin hits you with a +3 dagger of venom.
You are poisoned.
Robin throws the goblin at you! The goblin hits you but does no damage.
You barely miss Robin.
Robin is almost dead.
You miss the goblin.
You feel very sick. Robin closely misses you. You block the goblin's attack.
You are too injured to fight recklessly!
You barely miss Robin.
Robin is almost dead.
You closely miss the goblin.
You feel very sick.
Robin hits you with a +3 dagger of venom.
You are lethally poisoned!
The goblin hits you with a +0 dagger.
* * * LOW HITPOINT WARNING * * *
You barely miss Robin.
Robin is almost dead.
You hit the goblin.
* * * LOW HITPOINT WARNING * * *
You feel very sick.
You kill Robin!
The goblin hits you with a +0 dagger.
You die...

.#.'.......#
.###.......## .#
#........######
.#
#..........##..
.#
#.......##.##.#
.#
#.......##.##.# #
.#
##+#+#####..#.#
.# ##.#)#..#.#.
.######..@)......
.....!...g)....##
...........##.##
............# #
............>..
[........####..
.........# ...
.........# ..
.........#


You could see a goblin (strong).

Vanquished Creatures
  Robin (D:2)
  A gnoll (D:1)
  2 ball pythons
  4 endoplasms
  2 giant cockroaches (D:1)
  8 goblins
  6 hobgoblins
  2 quokkas
  3 frilled lizards (D:1)
  2 kobolds (D:1)
  4 rats (D:1)
35 creatures vanquished.

Notes
Turn   | Place    | Note
-------+----------+-------------------------------------------
     0 | D:1      | LabCoat the Hill Orc Fighter began the quest for the Orb.
     0 | D:1      | Reached XP level 1. HP: 19/19 MP: 1/1
    36 | D:1      | Reached XP level 2. HP: 11/27 MP: 2/2
   551 | D:1      | Reached XP level 3. HP: 33/33 MP: 3/3
   965 | D:1      | Found a faded altar of an unknown god.
  1212 | D:2      | Reached skill level 1 in Evocations
  1278 | D:2      | Noticed Robin
  1287 | D:2      | HP: 1/33 [poisoned by Robin]
  1287 | D:2      | Killed Robin
  1287 | D:2      | Slain by a goblin

Illustrated notes

Levels and vault maps discovered:
D:1:      psy_arrival_heroes, layout_basic, dilly_ecumenical_altar_fadedgnrine,
          chequers_serial_rivers_micro_e
D:2:      layout_basic, uniq_robin

Skill      XL: |  1  2  3 |
---------------+----------+-----
Axes           | 3 |  3.6
Evocations     | 1 |  1.1
Fighting       | |  3.9
Throwing       | |  0.9
Armour         | |  3.5
Shields        | |  3.5

Action                   || total
-------------------------++-------
Melee: War axe           ||    60
  Use: Scroll            ||     7
Armor: Scale mail        ||    25
Dodge: Dodged            ||    29
Block: Buckler           ||    10
